 Dungeon Crawl Stone Soup version 0.17.0-56-gd8de76c (webtiles) character file.

96 ketsa the Shield-Bearer (level 4, 0/52 HPs)
             Began as a Human Fighter on Dec 6, 2015.
             Succumbed to Ijyb's poison
             ... on level 2 of the Dungeon.
             The game lasted 00:05:56 (2032 turns).

ketsa the Shield-Bearer (Human Fighter)             Turns: 2032, Time: 00:05:56

Health: 0/52       AC: 28    Str: 23    XL:     4   Next: 98%
Magic:  4/4        EV:  2    Int:  8    God:
Gold:   127        SH: 10    Dex: 17    Spells: 0 memorised, 3 levels left

rFire  + . .     SeeInvis .     a - +0 flail
rCold  . . .     Clarity  .     (armour currently unavailable)
rNeg   + + +     SustAt   .     c - +0 shield
rPois  +         Gourm    .     (helmet currently unavailable)
rElec  .         Spirit   .     (cloak currently unavailable)
rCorr  .         Warding  .     (gloves currently unavailable)
rMut   .         NoTele   +     (boots currently unavailable)
MR     .....                    (no amulet)
Stlth  +++.......               s - ring of protection from fire (curse)
                                f - +6 ring of protection

@: mighty, agile, lethally poisoned (0 -> -4), tree-form, not resistant to
hostile enchantments, fairly stealthy
A: no striking features
a: no special abilities


You were on level 2 of the Dungeon.
You were not hungry.
You were a tree.
You visited 1 branch of the dungeon, and saw 3 of its levels.

You collected 127 gold pieces.

Inventory:

Hand Weapons
 a - a +0 flail (weapon)
 d - a +3 dagger of venom
Missiles
 k - 68 stones (quivered)
Armour
 b - a +0 scale mail (melded)
 c - a +0 shield (worn)
 h - a +0 pair of boots (melded)
 p - a +0 large shield
 r - a +0 cloak (melded)
Jewellery
 f - a +6 ring of protection (left branch)
 m - an uncursed ring of wizardry
 s - a cursed ring of protection from fire (right branch)
 u - an uncursed ring of magical power
Wands
 v - a wand of fireball (6)
Scrolls
 j - 4 scrolls of teleportation
 q - 3 scrolls of identify
Potions
 g - a potion of agility
Books
 t - a book of Changes

   Spells                             Type                      Level
   a - Beastly Appendage              Transmutation                1
   b - Sticks to Snakes               Transmutation                2
   c - Spider Form                    Transmutation/Poison         3
   d - Ice Form                       Ice/Transmutation            4
   e - Blade Hands                    Transmutation                5
Comestibles
 e - 2 bread rations
 l - a meat ration
 x - 3 chunks of flesh


   Skills:
 - Level 3.0 Fighting
 * Level 3.8 Maces & Flails
 - Level 3.0 Armour
 + Level 4.0 Shields


You had 3 spell levels left.
You didn't know any spells.

Dungeon Overview and Level Annotations

Branches:
Dungeon (3/15)

Altars:


Message History

* * * LOW HITPOINT WARNING * * *
You feel sick.
Read which item? (? for menu, Esc to quit)
Memorise Beastly Appendage, consuming 1 spell level and leaving 2?
Your memorisation is interrupted.
* * * LOW HITPOINT WARNING * * *
You feel sick.
* * * LOW HITPOINT WARNING * * *
You feel sick.
* * * LOW HITPOINT WARNING * * *
You feel sick.
* * * LOW HITPOINT WARNING * * *
You feel sick.
* * * LOW HITPOINT WARNING * * *
You feel sick.
* * * LOW HITPOINT WARNING * * *
You feel sick.
* * * LOW HITPOINT WARNING * * *
You feel sick.
You die...

...###..................#########
........#...............#.......#
###.....#...............#.#####.#
###.....#...............#.#...#.#
..#...............#####.#.#.#.#.#
..#.....................#.#.....#
...........................)#.#.#
♣.......#+#.........(......#....#
P♣..............♣..........+...<.
♣♣........###.###.##.......######
♣♣.###....# #.###.##.............
♣..###....# #...........)....####
♣.........# ##...............# #
..........####...............# #
.............................# #
............##...............# #
............##............#### #


There were no monsters in sight!

Vanquished Creatures
  Ijyb (D:3)
  2 adders (D:2)
  An ooze (D:1)
  2 worms (D:2)
  3 bats (D:2)
  10 goblins
  5 hobgoblins
  A jackal (D:1)
  A giant cockroach (D:2)
  3 giant newts (D:1)
  8 kobolds
  4 rats
41 creatures vanquished.

Notes
Turn   | Place    | Note
--------------------------------------------------------------
     0 | D:1      | ketsa the Human Fighter began the quest for the Orb.
     0 | D:1      | Reached XP level 1. HP: 18/18 MP: 1/1
   232 | D:1      | Reached XP level 2. HP: 20/24 MP: 2/2
   763 | D:2      | Reached XP level 3. HP: 29/29 MP: 3/3
  1314 | D:2      | Reached XP level 4. HP: 20/35 MP: 4/4
  1985 | D:3      | Noticed Ijyb
  2013 | D:3      | Killed Ijyb
  2013 | D:3      | Reached skill level 4 in Shields
  2029 | D:2      | HP: 2/52 [poisoned by Ijyb]
  2032 | D:2      | Succumbed to Ijyb's poison

Action                   |  1- 3 |  4- 6 || total
-------------------------+-------+-------++-------
Melee: Flail             |   193 |    42 ||   235
  Use: Scroll            |     6 |     3 ||     9
       Potion            |       |     5 ||     5
  Eat: Chunk             |     2 |       ||     2
       Bread ration      |       |     1 ||     1
